 Dungeon Crawl Stone Soup version bcrawl-1.37 (webtiles) character file.

Game seed: 16891080872567826552

156128 Turbognida the Slasher (level 8, -4/60 HPs)
             Began as a Human Fighter on Oct 2, 2022.
             Slain by a troll (7 damage)
             ... on level 6 of the Dungeon.
             The game lasted 00:11:43 (6683 turns).

Turbognida the Slasher (Human Fighter)              Turns: 6683, Time: 00:11:43

Health: -4/60      AC:  8    Str: 30    XL:     8   Next: 27%
Magic:  8/8        EV: 11    Int: 32    God:
Gold:   444        SH:  0    Dex: 14    Spells: 7/7 levels left

rFire    . . .     GDR:     30% E - +6 Majin-Bo {vamp, *Drain Str+12 Int+24}
rCold    + . .     SeeInvis .   (shield currently unavailable)
rNeg     + . .     Gourm    .   b - +0 scale mail
rPois    .         Faith    .   (no helmet)
rElec    .         Spirit   .   (no cloak)
rCorr    .         Reflect  .   (no gloves)
MR       .....                  l - +0 pair of boots
Stlth    ..........             (no amulet)
HPRegen  0.20/turn              o - ring of positive energy
MPRegen  0.11/turn              u - ring of protection from cold

@: no status effects
A: no striking features
a: no special abilities


You were on level 6 of the Dungeon.
You were not hungry.

You visited 1 branch of the dungeon, and saw 6 of its levels.
You also visited: Sewer.

You collected 444 gold pieces.

Inventory:

Hand Weapons
 a - a +0 long sword
 f - a -1 dagger
 E - the +6 Majin-Bo (weapon) {vamp, *Drain Str+12 Int+24}
   (You found it on level 6 of the Dungeon)

   It inflicts no extra harm, but heals its wielder when it wounds a living foe.
   It affects your strength (+12).
   It affects your intelligence (+24).
   It causes draining when unequipped.
Armour
 b - a +0 scale mail (worn)
 l - a +0 pair of boots (worn)
Jewellery
 d - a +3 ring of intelligence
 o - a ring of positive energy (left hand)
 u - a ring of protection from cold (right hand)
Wands
 t - a wand of flame (19)
 y - a wand of paralysis (2)
Scrolls
 i - a scroll of identify
 j - 6 scrolls of teleportation
 n - a scroll of fear {unknown}
 p - 3 scrolls of remove curse
 r - a scroll of fog {unknown}
 s - a scroll of magic mapping
 w - a scroll of immolation {unknown}
 B - a scroll of blinking
 D - a scroll of amnesia
Potions
 g - 2 potions of lignification {unknown}
 h - 3 potions of magic
 k - 3 potions of haste
 m - a potion of flight {unknown}
 v - a potion of brilliance {unknown}
 x - a potion of cancellation {unknown}
 z - a potion of agility
 A - 2 potions of heal wounds {unknown}
 C - a potion of degeneration {unknown}
Comestibles
 e - 11 rations {!d}


   Skills:
 - Level 4.0 Fighting
 - Level 7.1 Long Blades
 * Level 2.1 Staves
 - Level 5.0 Armour
 - Level 2.0 Dodging
 - Level 0.1 Stealth
   Level 4.8 Shields


You had 7 spell levels left.
You didn't know any spells.
Your spell library was empty.

Dungeon Overview and Level Annotations

Branches:
Dungeon (6/12)
 Temple: D:4-7

Altars:
Kikubaaqudgha
Ru
Yredelemnul


Message History

The troll claws you!
You are too injured to fight recklessly!
You closely miss the troll. The troll bites you but does no damage.
The troll closely misses you. x2
You sock the troll!
You feel better.
The troll is moderately wounded.
The troll bites you! The troll claws you. The troll misses you. x2
The troll claws you but does no damage. The troll barely misses you.
You barely miss the troll.
The troll is moderately wounded.
The troll bites you!
* * * LOW HITPOINT WARNING * * *
The troll closely misses you. The troll claws you.
* * * LOW HITPOINT WARNING * * *
You sock the troll!
The troll is heavily wounded.
The troll bites you!
* * * LOW HITPOINT WARNING * * *
The troll claws you!
You die...

#.# ##.# #..####.#
#.#...... #####<..##
###........##
..#...........## ..#
...............# ....
#...#...@......#.....
$.#.....T.........≈≈≈
................≈≈≈≈
.##.............≈≈♣≈
#.#..[.....#..≈≈≈≈
##....<...##♣...≈≈≈
#........## ♣.....
#.#......# ♣....
#....#......# ♣...


You could see a troll.

Vanquished Creatures
  A phantom (D:6)
  A centaur (D:5)
  2 scorpions
  A bullfrog zombie (D:5)
  5 crimson imps
  A hound (D:4)
  An iguana (D:4)
  3 orc wizards (D:5)
  2 worker ants
  2 howler monkey zombies (D:5)
  9 adders
  A river rat (D:3)
  3 shadow imps (D:5)
  An ooze (D:3)
  An adder zombie (D:5)
  An adder skeleton (D:4)
  7 worms
  3 dart slugs
  5 leopard geckos
  3 orcs
  4 giant cockroaches
  A goblin (D:1)
  12 hobgoblins
  14 jackals
  2 quokkas
  5 ball pythons
  4 bats
  8 frilled lizards
  11 kobolds
  11 rats
  5 plants (Sewer)
130 creatures vanquished.

Vanquished Creatures (others)
  A plant (Sewer)
1 creature vanquished.

Grand Total: 131 creatures vanquished

Notes
Turn   | Place    | Note
-------+----------+-------------------------------------------
     0 | D:1      | Turbognida the Human Fighter began the quest for the Orb.
     0 | D:1      | Reached XP level 1. HP: 18/18 MP: 1/1
   305 | D:1      | Reached XP level 2. HP: 18/24 MP: 2/2
   778 | D:1      | Reached XP level 3. HP: 29/29 MP: 3/3
  1257 | D:2      | Reached skill level 3 in Long Blades
  1377 | D:2      | Found a basalt altar of Yredelemnul.
  1396 | D:2      | Reached skill level 1 in Dodging
  1396 | D:2      | Reached XP level 4. HP: 32/35 MP: 4/4
  2597 | D:3      | Reached XP level 5. HP: 39/41 MP: 5/5
  2613 | D:3      | Found a glowing drain.
  2632 | Sewer    | Entered a sewer
  3550 | D:3      | Reached skill level 4 in Long Blades
  3947 | D:3      | Reached XP level 6. HP: 44/47 MP: 6/6
  4417 | D:4      | Found a sacrificial altar of Ru.
  4421 | D:4      | Found an ancient bone altar of Kikubaaqudgha.
  4469 | D:4      | Reached skill level 5 in Long Blades
  4523 | D:4      | Reached XP level 7. HP: 19/53 MP: 7/7
  4923 | D:5      | Entered Level 5 of the Dungeon
  5089 | D:5      | Reached skill level 6 in Long Blades
  5575 | D:5      | Reached XP level 8. HP: 49/60 MP: 8/8
  5864 | D:5      | HP: 3/60 [crimson imp (3)]
  5874 | D:5      | HP: 3/60 [crimson imp/flame tongue (12)]
  5885 | D:5      | Reached skill level 5 in Armour
  5891 | D:5      | Reached skill level 7 in Long Blades
  6468 | D:6      | Found the +6 Majin-Bo {vamp, *Drain Str+12 Int+24}
  6516 | D:6      | Noticed a troll
  6683 | D:6      | HP: 3/60 [troll (8)]
  6683 | D:6      | Slain by a troll

Skill      XL: |  1  2  3  4  5  6  7  8 |
---------------+-------------------------+-----
Long Blades    | 3 4 5 6 7 |  7.1
Dodging        | 1 2 |  2.0
Armour         | 4 5 |  5.0
Shields        | 4 |  4.8
Fighting       | 4 |  4.0
Staves         | 2 |  2.1
Stealth        | |  0.1

Action                   |  1- 3 |  4- 6 |  7- 9 || total
-------------------------+-------+-------+-------++-------
Melee: Long sword        |   127 |   408 |   187 ||   722
       Quarterstaff      |       |       |    10 ||    10
  Use: Scroll            |       |     3 |     4 ||     7
       Potion            |       |       |     9 ||     9
  Eat: Chunk             |     6 |    23 |     8 ||    37
       Ration            |       |       |     3 ||     3
Armor: Scale mail        |    82 |   125 |    74 ||   281
Dodge: Dodged            |    24 |    71 |    30 ||   125
Block: Medium shield     |    75 |   177 |   107 ||   359
